 Dungeon Crawl Stone Soup version 0.30-a0-605-gb2882149bf (webtiles) character file.

Game seed: 342713774724818860

44 OTABOTABOTAB the Insei (level 3, -4/28 HPs)
             Began as a Gnoll Transmuter on Jan 8, 2023.
             Slain by a gnoll
             ... wielding a +0 club
              (7 damage)
             ... on level 3 of the Dungeon.
             The game lasted 00:02:05 (1213 turns).

OTABOTABOTAB the Insei (Gnoll Transmuter)           Turns: 1213, Time: 00:02:06

Health: -4/28      AC:  2    Str: 11    XL:     3   Next: 62%
Magic:  9/9        EV:  7    Int: 12    God:
Gold:   93         SH:  0    Dex: 12    Spells: 11/12 levels left

rFire   . . .      SeeInvis .      - Unarmed
rCold   . . .      Faith    .    (no shield)
rNeg    . . .      Spirit   .    a - +0 robe
rPois   .          Reflect  .    (no helmet)
rElec   .          Harm     .    (no cloak)
rCorr   .          Rampage  .    (no gloves)
Will    .....                    (no boots)
Stlth   +                        (no amulet)
HPRegen 0.24/turn                (no ring)
MPRegen 0.11/turn                (no ring)

@: held
A: fangs 1, strong nose, distributed training
a: no special abilities


You were on level 3 of the Dungeon.
You visited 1 branch of the dungeon, and saw 3 of its levels.

You collected 93 gold pieces.

Inventory:

Armour
 a - a +0 robe (worn)
 e - a +0 robe
   (You found it on level 1 of the Dungeon)
 j - a +0 leather armour
   (You found it on level 1 of the Dungeon)
 k - a +0 ring mail
   (You found it on level 1 of the Dungeon)
 l - a +0 robe
   (You found it on level 1 of the Dungeon)
 m - a +0 scale mail
   (You found it on level 1 of the Dungeon)
 s - a +0 ring mail
   (You found it on level 3 of the Dungeon)
Magical Staves
 p - a staff of air {rElec}
   (You found it on level 2 of the Dungeon)
Scrolls
 c - a scroll of enchant weapon {unknown}
 d - 2 scrolls of fear {unknown}
 n - 2 scrolls of identify {unknown}
 o - a scroll of silence {unknown}
 r - a scroll of vulnerability {unknown}
Potions
 b - a potion of lignification {!q}
 h - a potion of invisibility {unknown}
 i - a potion of curing
 q - a potion of flight {unknown}


   Skills:
 + Level 2.6 Fighting
 + Level 0.9 Short Blades
 + Level 0.9 Long Blades
 + Level 0.9 Axes
 + Level 0.9 Maces & Flails
 + Level 0.9 Polearms
 + Level 0.9 Staves
 + Level 0.9 Ranged Weapons
 + Level 0.9 Throwing
 + Level 0.9 Armour
 + Level 4.5 Dodging
 + Level 0.9 Stealth
 + Level 0.9 Shields
 + Level 6.5 Unarmed Combat
 + Level 5.0 Spellcasting
 + Level 0.6 Conjurations
 + Level 0.6 Hexes
 + Level 0.6 Summonings
 + Level 0.6 Necromancy
 + Level 0.6 Translocations
 + Level 3.8 Transmutations
 + Level 0.6 Fire Magic
 + Level 0.6 Ice Magic
 + Level 0.6 Air Magic
 + Level 0.6 Earth Magic
 + Level 0.6 Poison Magic
 + Level 1.0 Invocations
 + Level 0.9 Evocations


You had 11 spell levels left.
You knew the following spells:

 Your Spells              Type           Power      Damage    Failure   Level
a - Beastly Appendage     Tmut           24%        N/A       4%          1

Your spell library contained the following spells:

 Spells                   Type           Power      Damage    Failure   Level
 Wereblood                Tmut           12%        N/A       6%          2
 Sublimation of Blood     Necr           4%         N/A       24%         2
 Spider Form              Tmut/Pois      8%         N/A       24%         3
 Ice Form                 Ice/Tmut       8%         N/A       63%         4
 Petrify                  Tmut/Erth      8%         N/A       63%         4
 Irradiate                Conj/Tmut      4%         3d13      92%         5


Dungeon Overview and Level Annotations

Branches:
Dungeon (2/15)

Altars:

Shops:
D:1 =


Innate Abilities, Weirdness & Mutations

You have very sharp teeth.
Your uncanny sense of smell can sniff out nearby items.
Your experience applies equally to all skills.


Message History

d - 2 scrolls labelled MILIRGH TUONAAXT (gained 1)
You now have 93 gold pieces (gained 4).
A ball python comes into view.
A ball python is nearby!
A ball python is nearby!
You see here a potion of lignification {!q}.
Unknown command.
The helpless ball python fails to defend itself.
You punch the ball python!
You kill the ball python!
No target in view!
No target in view!
No target in view!
A quokka comes into view.
Found a stone staircase leading down.
A quokka is nearby!
You see here a +0 robe.
A rat comes into view.
You barely miss the quokka. The quokka barely misses you.
Unknown command.
You closely miss the quokka.
The quokka bites you but does no damage.
A gnoll comes into view. It is wielding a +0 spear.
You barely miss the quokka. The quokka misses you.
You barely miss the quokka. Your punch misses the quokka.
The quokka closely misses you.
A gnoll comes into view. It is wielding a +0 club.
The gnoll shouts!
You hit the quokka but do no damage.
The rat twitches its whiskers.
The quokka bites you.
You take 5 damage, and have 23/28 hp.
Unknown command.
You miss the quokka. Your bite misses the quokka. The quokka bites you.
You take 2 damage, and have 21/28 hp.
You hit the quokka. Your bite misses the quokka. The quokka bites you.
The rat barely misses you.
You take 2 damage, and have 19/28 hp.
You hit the quokka but do no damage.
The quokka bites you but does no damage.
A gnoll comes into view. It is wielding a +0 whip.
The rat bites you.
You take 1 damage, and have 18/28 hp.
Unknown command.
You see here a +0 robe.
The quokka misses you. The quokka attacks as you move away!
The quokka bites you.
You take 2 damage, and have 16/28 hp.
The quokka attacks as you move away! The quokka closely misses you.
The rat attacks as you move away! The rat bites you.
The quokka attacks as you move away! The quokka closely misses you.
The quokka barely misses you.
You see here a potion of lignification {!q}.
The quokka attacks as you move away! The quokka bites you.
You take 1 damage, and have 15/28 hp.
You grow a pair of large bovine horns.
Your feet morph into talons.
The quokka completely misses you. The gnoll misses you. The quokka bites you.
You take 3 damage, and have 13/28 hp.
You now have 8/9 mp.
You don't know that spell.
You barely miss the quokka. You claw the quokka.
You kill the quokka!
The gnoll hits you from afar with a +0 spear.
* * * LOW HITPOINT WARNING * * *
You take 5 damage, and have 8/28 hp.
You closely miss the gnoll.
You hear the slow rusting of a distant drain.
You hit the gnoll but do no damage. You claw the gnoll.
Your headbutt misses the gnoll.
The gnoll hits you from afar with a +0 spear.
* * * LOW HITPOINT WARNING * * *
The gnoll hits you with a +0 club.
* * * LOW HITPOINT WARNING * * *
You take 8 damage, and have 1/28 hp.
MASSIVE DAMAGE!!
It was a potion of curing.
You feel better. The gnoll barely misses you.
You regained 6 hp, and now have 7/28 hp.
You hit the gnoll. Your headbutt misses the gnoll.
The gnoll throws a throwing net.
The throwing net hits you.
You become entangled in the net!
You struggle against the net.
The gnoll closely misses you.
The gnoll hits you from afar with a +0 spear.
* * * LOW HITPOINT WARNING * * *
The rat bites you but does no damage.
You take 2 damage, and have 5/28 hp.
Unknown command.
It was a potion of haste.
You feel yourself speed up. The gnoll hits you with a +0 club.
* * * LOW HITPOINT WARNING * * *
The rat barely misses you.
The gnoll hits you from afar with a +0 spear.
* * * LOW HITPOINT WARNING * * *
You take 2 damage, and have 3/28 hp.
MP restored: 9 It was a potion of cancellation.
Your magical effects are unravelling.
You feel magically purged.
Your horns disappear.
Your talons disappear.
You feel yourself slow down. The gnoll hits you with a +0 club!
You die...

#...# #...# ###
#...# ..# ###
###...# #.# #.#
###.....# #.# #.# ∆
)......g# #># #.#
###.###g####.####.#
#.#gr...........#
#.#@#...........#
#.######.###.##
#^##.........####
#.##............#
#.##.........##.#
.......).....##.##
.......).....##...
.............##.#.
##.##.........##...


You could see 3 gnolls and a rat.

Vanquished Creatures
  An adder (D:3)
  A worm (D:2)
  An orc (D:3)
  3 bats
  3 endoplasms
  2 giant cockroaches
  2 goblins (D:1)
  3 hobgoblins
  2 jackals (D:2)
  3 kobolds
  A quokka (D:3)
  3 ball pythons
  3 frilled lizards
  A rat (D:1)
29 creatures vanquished.

Notes
Turn   | Place    | Note
-------+----------+-------------------------------------------
     0 | D:1      | OTABOTABOTAB the Gnoll Transmuter began the quest for the
                  | Orb.
     0 | D:1      | Reached XP level 1. HP: 17/17 MP: 6/6
   250 | D:1      | Found Runuawuv's Jewellery Shoppe.
   282 | D:1      | Reached XP level 2. HP: 14/23 MP: 7/7
   477 | D:1      | Found a faded altar of an unknown god.
   967 | D:2      | Reached skill level 5 in Spellcasting
   967 | D:2      | Reached XP level 3. HP: 28/28 MP: 7/9
  1002 | D:2      | You fall into a shaft and drop 1 floor!
  1031 | D:3      | Reached skill level 1 in Invocations
  1208 | D:3      | HP: 4/28 [gnoll/+0 spear (5)]
  1208 | D:3      | HP: 1/28 [gnoll/+0 club (3)]
  1213 | D:3      | Slain by a gnoll

Illustrated notes

Levels and vault maps discovered:
D:1:      lightli_arrival_flooded_house, layout_loops_ring,
          hellmonk_ecumenical_altar_crossroads, serial_shops,
          nicolae_shop_hallway_stairs, serial_bayou_pond_a
D:2:      layout_basic, minmay_statues_item, minmay_door_square,
          hangedman_decor_clover_reticule, minmay_misc_feat_doors,
          hangedman_decor_riveting
D:3:      layout_loops_ring, lightli_sewer_entry_pipes, lexackson_kobold_supper

Skill      XL: |  1  2  3 |
---------------+----------+-----
Spellcasting   | 5 |  5.0
Invocations    | 1 |  1.0
Fighting       | |  2.6
Short Blades   | |  0.9
Long Blades    | |  0.9
Axes           | |  0.9
Maces & Flails | |  0.9
Polearms       | |  0.9
Staves         | |  0.9
Ranged Weapons | |  0.9
Throwing       | |  0.9
Armour         | |  0.9
Dodging        | |  4.5
Stealth        | |  0.9
Shields        | |  0.9
Unarmed Combat | |  6.5
Conjurations   | |  0.6
Hexes          | |  0.6
Summonings     | |  0.6
Necromancy     | |  0.6
Translocations | |  0.6
Transmutations | |  3.8
Fire Magic     | |  0.6
Ice Magic      | |  0.6
Air Magic      | |  0.6
Earth Magic    | |  0.6
Poison Magic   | |  0.6
Evocations     | |  0.9

Action                   || total
-------------------------++-------
Melee: Unarmed           ||    93
       Bite              ||     7
       Punch             ||     2
       Kick              ||     2
 Cast: Beastly Appendage ||     1
  Use: Potion            ||     3
 Stab: Sleeping          ||     3
Armor: Robe              ||    20
Dodge: Dodged            ||    65

Table legend: (Time is in decaauts)
 A = Elapsed time spent in this place.
 B = Non-inter-level travel time spent in this place.
 C = Inter-level travel time spent in this place.
 D = Time resting spent in this place.
 E = Time spent auto-exploring this place.
 F = Levels seen in this place.
 G = Mean time per level.
                   A        B        C        D        E       F      G
               +--------+--------+--------+--------+--------+-----+--------+
         Total |   1202 |   1178 |     24 |      0 |    954 |   3 |  400.7 |
       Dungeon |   1202 |   1178 |     24 |      0 |    954 |   3 |  400.7 |
               +--------+--------+--------+--------+--------+-----+--------+

Top non-repeatable levels by time:
     D:1: 693 daAuts
     D:2: 303 daAuts
     D:3: 206 daAuts

Table legend:
 A = Kills in this place as a percentage of kills in entire the game.
 B = Kills by you in this place as a percentage of kills by you in the entire game.
 C = Kills by friends in this place as a percentage of kills by friends in the entire game.
 D = Other kills in this place as a percentage of other kills in the entire game.
 E = Experience gained in this place as a percentage of experience gained in the entire game.
 F = Experience gained in this place divided by the number of levels of this place that you have seen.
                   A       B       C       D       E      F
               +-------+-------+-------+-------+-------+----------------------
         Total | 100.0 | 100.0 |   N/A |   N/A | 100.0 |  21.3
       Dungeon | 100.0 | 100.0 |   N/A |   N/A | 100.0 |  21.3
               +-------+-------+-------+-------+-------+----------------------
